 Dungeon Sprint DCSS version 0.21.1-1-g345015f (webtiles) character file.

30304 Fang the Executioner (level 13, 0/146 HPs)
             Began as a Minotaur Berserker on May 29, 2018.
             Was the Champion of Trog.
             Slain by a snapping turtle (9 damage)
             ... in the Dungeon (Sprint IX: "|||||||||||||||||||||||||||||").
             The game lasted 00:12:24 (3782 turns).

Fang the Executioner (Minotaur Berserker)           Turns: 3782, Time: 00:12:24

Health: 0/146      AC: 10    Str: 27    XL:     13   Next: 19%
Magic:  12/12      EV: 24    Int:  4    God:    Trog [******]
Gold:   1900       SH:  0    Dex: 14    Spells: 12/12 levels left

rFire    . . .     SeeInvis .   H - +4 battleaxe (freeze)
rCold    + . .     Gourm    .   (shield currently unavailable)
rNeg     . . .     Faith    .   x - +2 robe {MR+}
rPois    .         Spirit   .   (helmet restricted)
rElec    .         Reflect  .   n - +0 cloak
rCorr    .         Harm     .   q - +0 pair of gloves
MR       +....     NoTele   +   (no boots)
Stlth    ++++......             (no amulet)
HPRegen  0.34/turn              o - +2 ring of evasion
MPRegen  0.13/turn              p - +2 ring of protection

@: no status effects
A: retaliatory headbutt, horns 2, agile 1, cold resistance 1, mutation
resistance 1, shaggy fur 1, strong 1
a: Berserk, Trog's Hand, Brothers in Arms, Burn Spellbooks, Renounce Religion


You were in the Dungeon.
You worshipped Trog.
Trog was exalted by your worship.
You were not hungry.

You visited 1 branch You collected 1900 gold pieces.

Inventory:

Hand Weapons
 b - a +4 antimagic battleaxe
 r - a +1 battleaxe of electrocution
 u - a +2 battleaxe of chopping
 z - a +3 broad axe
 A - a +5 battleaxe of venom
 H - a +4 battleaxe of freezing (weapon)
Armour
 n - a +0 cloak (worn)
 q - a +0 pair of gloves (worn)
 x - a +2 robe of magic resistance (worn)
Jewellery
 o - a +2 ring of evasion (left hand)
 p - a +2 ring of protection (right hand)
 y - an uncursed ring of fire
 B - an uncursed ring of protection from fire
 C - an uncursed ring of fire
 D - an uncursed ring of see invisible
Wands
 m - a wand of iceblast (10)
 w - a wand of clouds (6)
Scrolls
 i - 3 scrolls of blinking
 l - 4 scrolls of remove curse
 s - 6 scrolls of enchant weapon
 t - 3 scrolls of identify
 F - 2 scrolls of enchant armour
 G - a scroll of fear
Potions
 a - a potion of flight
 d - 3 potions of curing
 e - 3 potions of heal wounds
 f - 2 potions of haste
 g - 4 potions of magic
 h - 2 potions of berserk rage
 j - 2 potions of might
 k - a potion of invisibility
 v - a potion of resistance
Comestibles
 c - 10 rations


   Skills:
 + Level 22.3 Fighting
 + Level 24.2 Axes
 + Level 8.3 Armour
 + Level 15.4 Dodging
 + Level 8.8 Stealth


You had 12 spell levels left.
You didn't know any spells.

Dungeon Overview and Level Annotations

Branches:
Dungeon (1/1)

Altars:
Cheibriados
Dithmenos
Elyvilon
Fedhas
Gozag
Hepliaklqana
Kikubaaqudgha
Makhleb
Nemelex Xobeh
Okawaru
Qazlal
Ru
Sif Muna
Trog
Uskayaw
Vehumet
Wu Jian
Xom
Yredelemnul
Zin
The Shining One
Beogh
Jiyva
Lugonu

Shops:
D }[}(


Innate Abilities, Weirdness & Mutations

You reflexively headbutt those who attack you in melee.
You have a pair of horns on your head.
You are agile. (Dex +2)
Your flesh is cold resistant. (rC+)
You are somewhat resistant to further mutation.
You are covered in fur. (AC +1)
Your muscles are strong. (Str +2)


Message History

The snapping turtle misses you. The snapping turtle closely misses you.
The snapping turtle completely misses you.
The snapping turtle bites you but does no damage.
The snapping turtle completely misses you.
The snapping turtle barely misses you. The snapping turtle barely misses you.
The snapping turtle closely misses you.
The snapping turtle bites you from afar.
* * * LOW HITPOINT WARNING * * *
You recover from your berserk rage.
The snapping turtle closely misses you.
The snapping turtle completely misses you.
The snapping turtle bites you from afar.
* * * LOW HITPOINT WARNING * * *
The snapping turtle misses you.
The snapping turtle bites you from afar!!
* * * LOW HITPOINT WARNING * * *
The snapping turtle bites you from afar!
You die...

_▓.▓.▓.▓)▓.▓.▓.▓.▓
'▓.▓'▓.▓)▓.▓.▓.▓.▓
.▓.▓)▓.▓)▓.▓(▓.▓.▓
?▓.▓.▓.▓)▓.▓)▓.▓.▓,
|▓.▓.▓.▓)▓.▓)▓.▓.▓
*
)▓.▓.▓.▓)▓.▓.▓.▓†▓
[▓.▓.▓.▓∩▓.▓.▓.▓)▓
*
[▓.▓.▓.▓.▓.▓)▓.▓)▓
[▓.▓.▓.▓∩▓.▓)▓.▓@▓
.▓.▓.▓.▓.▓.▓)▓.▓)▓
.▓.▓.▓.▓∩▓.▓.▓.▓t▓
)▓.▓.▓.▓.▓.▓.▓.▓.▓
)▓.▓(▓.▓∩▓.▓.▓.▓.▓
.▓.▓.▓)▓.▓.▓.▓.▓.▓
.▓.▓'▓[▓.▓.▓.▓.▓.▓
.▓.▓.▓.▓.▓.▓.▓.▓+▓
.▓.▓.▓.▓.▓.▓.▓.▓


You could see a snapping turtle.

Vanquished Creatures
  A thorn hunter (D)
  2 stone giants (D)
  An ettin (D)
  Josephine (D)
  A hydra (D)
  A two-headed ogre (D)
  An alligator (D)
  An ogre mage (D)
  A tengu warrior (D)
  2 shock serpents (D)
  A glowing orange brain (D)
  A harpy (D)
  A necromancer (D)
  2 ugly things (D)
  2 orc knights (D)
  An orb spider (D)
  3 manticores (D)
  8 orc sorcerers (D)
  A cyclops (D)
  A salamander (D)
  A merfolk siren (D)
  4 black mambas (D)
  2 naga magi (D)
  A water nymph (D)
  5 spiny frogs (D)
  A rime drake (shapeshifter) (D)
  A komodo dragon (D)
  2 demonic crawlers (D)
  3 merfolk (D)
  2 tyrant leeches (D)
  A hornet (D)
  A troll (D)
  A wind drake (D)
  3 blink frogs (D)
  A jumping spider (D)
  4 wraiths (D)
  2 tarantellas (D)
  A shadow (D)
  2 redbacks (D)
  2 yaks (D)
  A vampire mosquito (D)
  An insubstantial wisp (D)
  8 water moccasins (D)
  9 orc warriors (D)
  A porcupine (D)
  An ogre (D)
  3 crocodiles (D)
  A centaur (D)
  6 bullfrogs (D)
  A howler monkey (D)
  A wight (D)
  A crimson imp (D)
  4 orc priests (D)
  11 orc wizards (D)
  A hound (D)
  An iguana (D)
  A worker ant (D)
  2 shadow imps (D)
  2 adder skeletons (D)
  6 orcs (D)
  A bat skeleton (D)
  A giant cockroach (D)
  A goblin (D)
  A hobgoblin (D)
  A kobold (D)
  A rat (D)
141 creatures vanquished.

Notes
Turn   | Place    | Note
-------+----------+-------------------------------------------
     0 | D        | Fang the Minotaur Berserker began the quest for the Orb.
     0 | D        | Reached XP level 1. HP: 19/19 MP: 0/0
     5 | D        | Reached skill level 4 in Axes
     8 | D        | Reached ** piety under Trog
   112 | D        | Noticed a hound
   116 | D        | Reached skill level 5 in Fighting
   116 | D        | Reached skill level 5 in Axes
   116 | D        | Reached XP level 2. HP: 29/29 MP: 1/1
   118 | D        | Reached *** piety under Trog
   122 | D        | Reached skill level 6 in Axes
   122 | D        | Reached XP level 3. HP: 37/37 MP: 2/2
   169 | D        | Found a roughly hewn altar of Beogh.
   169 | D        | Found a snail-covered altar of Cheibriados.
   169 | D        | Found a shadowy altar of Dithmenos.
   169 | D        | Found a white marble altar of Elyvilon.
   169 | D        | Found a blossoming altar of Fedhas.
   169 | D        | Found an opulent altar of Gozag.
   170 | D        | Found a hazy altar of Hepliaklqana.
   171 | D        | Found a viscous altar of Jiyva.
   172 | D        | Found an ancient bone altar of Kikubaaqudgha.
   173 | D        | Found a corrupted altar of Lugonu.
   174 | D        | Found a burning altar of Makhleb.
   175 | D        | Found a sparkling altar of Nemelex Xobeh.
   176 | D        | Found an iron altar of Okawaru.
   177 | D        | Found a stormy altar of Qazlal.
   178 | D        | Found a sacrificial altar of Ru.
   179 | D        | Found a deep blue altar of Sif Muna.
   180 | D        | Found a bloodstained altar of Trog.
   181 | D        | Found a hide-covered altar of Uskayaw.
   182 | D        | Found a radiant altar of Vehumet.
   183 | D        | Found an ornate altar of the Wu Jian Council.
   184 | D        | Found a shimmering altar of Xom.
   185 | D        | Found a basalt altar of Yredelemnul.
   186 | D        | Found a glowing silver altar of Zin.
   187 | D        | Found a glowing golden altar of the Shining One.
   196 | D        | Found the +2 Maxwell's thermic engine {flame, freeze, rF- rC-}
   215 | D        | Noticed an ogre
   215 | D        | Noticed a two-headed ogre
   215 | D        | Noticed a troll
   217 | D        | Killed an ogre
   217 | D        | Reached **** piety under Trog
   217 | D        | Reached skill level 8 in Axes
   217 | D        | Reached XP level 4. HP: 48/48 MP: 3/3
   218 | D        | Reached skill level 9 in Axes
   218 | D        | Reached XP level 5. HP: 53/53 MP: 4/4
   223 | D        | Killed a two-headed ogre
   223 | D        | Reached skill level 13 in Axes
   223 | D        | Reached XP level 6. HP: 70/70 MP: 5/5
   223 | D        | Reached XP level 7. HP: 75/75 MP: 6/6
   228 | D        | Reached ***** piety under Trog
   230 | D        | Killed a troll
   230 | D        | Reached skill level 14 in Axes
   230 | D        | Reached XP level 8. HP: 84/84 MP: 7/7
   564 | D        | Gained mutation: You are resistant to hostile enchantments. (MR+) [potion of mutation]
   564 | D        | Gained mutation: Your mind is acute. (Int +2) [potion of mutation]
   564 | D        | Gained mutation: You are robust. (+10% HP) [potion of mutation]
   564 | D        | Gained mutation: Your spells are a little harder to cast, but a little more powerful. [potion of mutation]
   565 | D        | Lost mutation: You are robust. (+10% HP) [potion of mutation]
   565 | D        | Lost mutation: You are resistant to hostile enchantments. (MR+) [potion of mutation]
   565 | D        | Gained mutation: You have sharp toenails. [potion of mutation]
   565 | D        | Gained mutation: You evolve. [potion of mutation]
   565 | D        | Gained mutation: You passively map a small area around you. [potion of mutation]
   569 | D        | Received a gift from Trog
   569 | D        | Reached skill level 15 in Axes
   570 | D        | Noticed a blink frog
   574 | D        | Noticed a komodo dragon
   586 | D        | Reached skill level 16 in Axes
   586 | D        | Reached XP level 9. HP: 72/93 MP: 8/8
   597 | D        | Killed a komodo dragon
   597 | D        | Reached ****** piety under Trog
   597 | D        | Reached skill level 1 in Stealth
   880 | D        | Noticed a spiny frog
   884 | D        | Received a gift from Trog
   884 | D        | Reached skill level 17 in Axes
   892 | D        | Killed a spiny frog
   956 | D        | Noticed a spiny frog
   956 | D        | Noticed a tyrant leech
   956 | D        | Noticed a spiny frog
   959 | D        | Reached skill level 18 in Axes
   963 | D        | Killed a spiny frog
   963 | D        | Reached skill level 15 in Fighting
   963 | D        | Reached XP level 10. HP: 97/105 MP: 9/9
   971 | D        | Killed a spiny frog
   971 | D        | Received a gift from Trog
   973 | D        | Reached skill level 10 in Dodging
  1367 | D        | Noticed Josephine
  1380 | D        | Killed Josephine
  1380 | D        | Reached skill level 19 in Axes
  1387 | D        | Received a gift from Trog
  1496 | D        | Noticed a stone giant
  1504 | D        | Noticed an orc knight
  1508 | D        | Noticed an orc sorcerer
  1512 | D        | Killed a stone giant
  1512 | D        | Received a gift from Trog
  1512 | D        | Reached skill level 20 in Axes
  1523 | D        | HP: 7/160 [orc knight/enchanted broad axe (27)]
  1524 | D        | Killed an orc knight
  1524 | D        | Reached XP level 11. HP: 7/115 MP: 3/10
  1530 | D        | Killed an orc sorcerer
  1535 | D        | Received a gift from Trog
  1952 | D        | Noticed an orc knight
  1959 | D        | Reached skill level 5 in Stealth
  1970 | D        | Killed an orc knight
  1973 | D        | Received a gift from Trog
  2156 | D        | Found Jasoggod's Gadget Emporium.
  2156 | D        | Noticed an orc sorcerer
  2156 | D        | Noticed an orc sorcerer
  2156 | D        | Noticed an orc sorcerer
  2157 | D        | Noticed an orc sorcerer
  2159 | D        | Killed an orc sorcerer
  2159 | D        | Received a gift from Trog
  2159 | D        | Reached skill level 21 in Axes
  2161 | D        | Found Hyngiupp's Antique Armour Shoppe.
  2161 | D        | Noticed an orc sorcerer
  2164 | D        | Killed an orc sorcerer
  2167 | D        | Killed an orc sorcerer
  2169 | D        | Found Teduaxio's Gadget Emporium.
  2170 | D        | Noticed an orc sorcerer
  2171 | D        | Killed an orc sorcerer
  2171 | D        | Received a gift from Trog
  2173 | D        | Killed an orc sorcerer
  2174 | D        | Found Bais's Antique Weapon Shoppe.
  2176 | D        | Noticed an orc sorcerer
  2178 | D        | Killed an orc sorcerer
  2180 | D        | Paralysed by an orc sorcerer for 3 turns
  2184 | D        | Killed an orc sorcerer
  2187 | D        | Received a gift from Trog
  2424 | D        | Lost mutation: Your spells are a little harder to cast, but a little more powerful. [potion of mutation]
  2424 | D        | Lost mutation: Your mind is acute. (Int +2) [potion of mutation]
  2424 | D        | Gained mutation: Your spells are a little easier to cast, but a little less powerful. [potion of mutation]
  2424 | D        | Gained mutation: You are covered in fur. (AC +1) [potion of mutation]
  2425 | D        | Lost mutation: You passively map a small area around you. [potion of mutation]
  2425 | D        | Lost mutation: Your spells are a little easier to cast, but a little less powerful. [potion of mutation]
  2425 | D        | Lost mutation: You have sharp toenails. [potion of mutation]
  2425 | D        | Gained mutation: Your body sometimes deteriorates upon taking damage. [potion of mutation]
  2425 | D        | Gained mutation: You have large cloven feet. [potion of mutation]
  2426 | D        | Lost mutation: You evolve. [potion of mutation]
  2426 | D        | Lost mutation: Your body sometimes deteriorates upon taking damage. [potion of mutation]
  2426 | D        | Gained mutation: Your mind is acute. (Int +2) [potion of mutation]
  2426 | D        | Gained mutation: You are agile. (Dex +2) [potion of mutation]
  2427 | D        | Lost mutation: You have large cloven feet. [potion of mutation]
  2427 | D        | Lost mutation: Your mind is acute. (Int +2) [potion of mutation]
  2427 | D        | Gained mutation: Your muscles are strong. (Str +2) [potion of mutation]
  2427 | D        | Gained mutation: You are somewhat resistant to further mutation. [potion of mutation]
  2427 | D        | Gained mutation: Your flesh is cold resistant. (rC+) [potion of mutation]
  2431 | D        | Noticed a purple ugly thing
  2432 | D        | Received a gift from Trog
  2434 | D        | Noticed a green ugly thing
  2440 | D        | Noticed a stone giant
  2442 | D        | Noticed a glowing orange brain
  2444 | D        | Noticed an ogre mage
  2448 | D        | Noticed an ettin
  2452 | D        | Killed a brown ugly thing
  2452 | D        | Received a gift from Trog
  2452 | D        | Reached skill level 22 in Axes
  2454 | D        | Killed a green ugly thing
  2455 | D        | Noticed a tengu warrior
  2458 | D        | Noticed a necromancer
  2463 | D        | Killed a stone giant
  2463 | D        | Reached XP level 12. HP: 120/129 MP: 11/11
  2472 | D        | Killed an ogre mage
  2475 | D        | Killed an ettin
  2482 | D        | Killed a tengu warrior
  2482 | D        | Received a gift from Trog
  2954 | D        | Received a gift from Trog
  2954 | D        | Reached skill level 23 in Axes
  3308 | D        | Noticed a thorn hunter
  3308 | D        | Noticed an alligator
  3308 | D        | Noticed a five-headed hydra
  3311 | D        | Received a gift from Trog
  3318 | D        | Killed a thorn hunter
  3325 | D        | Killed an alligator
  3329 | D        | Killed a nine-headed hydra
  3335 | D        | Received a gift from Trog
  3478 | D        | Reached skill level 15 in Dodging
  3496 | D        | Reached XP level 13. HP: 110/145 MP: 12/12
  3501 | D        | Received a gift from Trog
  3510 | D        | Received a gift from Trog
  3510 | D        | Reached skill level 24 in Axes
  3727 | D        | Received a gift from Trog
  3782 | D        | Slain by a snapping turtle

Skill      XL: |  1  2  3  4  5  6  7  8  9 10 11 12 13 |
---------------+----------------------------------------+-----
Fighting       | 5 6 7 8 11 12 13 15 16 18 21 22 | 22.3
Axes           | 5 6 8 9 13 14 16 18 20 22 23 24 | 24.2
Armour         | 3 4 6 7 8 |  8.3
Dodging        | 3 4 7 8 9 11 13 15 | 15.4
Stealth        | 2 4 6 8 |  8.8

Action                   |  1- 3 |  4- 6 |  7- 9 | 10-12 | 13-15 || total
-------------------------+-------+-------+-------+-------+-------++-------
Melee: Hand axe          |    17 |       |       |       |       ||    17
       Headbutt          |     3 |     2 |     6 |    57 |    11 ||    79
       Broad axe         |     1 |     5 |    43 |       |       ||    49
       Kick              |       |       |    17 |    37 |       ||    54
       War axe           |       |       |    14 |    50 |       ||    64
       Battleaxe         |       |       |     5 |   182 |    34 ||   221
Invok: Berserk           |     2 |       |     4 |     7 |     1 ||    14
  Use: Potion            |       |       |     2 |     6 |     2 ||    10
 Stab: Sleeping          |       |       |       |     3 |       ||     3
  Eat: Chunk             |       |       |     5 |    13 |       ||    18
       Ration            |       |       |       |     1 |       ||     1
Armor: Animal skin       |     2 |       |       |       |       ||     2
       Robe              |       |       |       |    27 |     8 ||    35
Dodge: Dodged            |     6 |     2 |    33 |   134 |    62 ||   237
